AoeStats
← [ KOF ] M. Kowalski

Nomad

506258367Analyzed
2v2 RM · 18d ago on Sep 12, 2026· 61m 42s· 4 players
Game mode
Random Map
Map size
176×176
Population
200
Speed
Normal
Resources
Standard
Victory
Conquest
Starting age
Dark Age
Ending age
Imperial Age
RankedLock teamsTeams togetherTeam positionsShared explorationLock speedFull tech treeHidden civsTurbo modeCheats
Victory
Defeat
🇵🇪 Spanish · Peru
1349
+17
🇲🇽 Muisca · Mexico
1291
+19
🇲🇽 Koreans · Mexico
1384
-19
🇦🇷 Italians · Argentina
1340
-17
JAGR_Soyuncacahuate
11:48 Loom
14:25 Feudal Age
13:00 Loom
18:54 Castle Age
18:45 Fletching
18:59 Crossbowman
26:22 Wheelbarrow
36:25 Imperial Age
34:30 Double-Bit Axe
34:28 Horse Collar
36:31 Hand Cart
38:37 Bodkin Arrow
38:42 Padded Archer Armor
40:23 Leather Archer Armor
41:45 Chemistry
41:13 Champi Runner
42:28 Champi Warrior
44:18 Forging
44:08 Scale Mail Armor
46:01 Heavy Plow
46:13 Bow Saw
47:02 Iron Casting
46:43 Chain Mail Armor
47:10 Herbalism
52:32 Ballistics
55:28 Conscription
55:32 Elite Champi Warrior
58:17 Bracer
58:08 Elite Guecha Warrior
JAGR | BkB
4:46 Loom
12:58 Feudal Age
18:37 Castle Age
17:09 Double-Bit Axe
26:51 Fletching
28:50 Fishing Lines
29:23 Medium Warships
35:40 Bow Saw
36:28 Wheelbarrow
41:43 Imperial Age
40:47 Horse Collar
42:31 Padded Archer Armor
45:39 Leather Archer Armor
48:04 Bloodlines
47:54 Husbandry
49:37 Ring Archer Armor
49:56 Cavalier
51:24 Scale Barding Armor
51:43 Gold Mining
52:22 Elite Skirmisher
53:34 Chain Barding Armor
53:45 Light Cavalry
55:23 Town Watch
55:40 Fishing Lines
56:30 Elite Conquistador
60:15 Plate Barding Armor
60:34 Bodkin Arrow
60:51 Forging
~KOF~Legonas
4:47 Loom
12:36 Feudal Age
13:38 Double-Bit Axe
18:53 Castle Age
17:14 Stone Mining
18:28 Fletching
18:52 Horse Collar
19:07 Gold Mining
31:46 Ballistics
36:41 Wheelbarrow
36:37 Bow Saw
38:34 Horse Collar
41:33 Imperial Age
39:15 Town Watch
40:50 Gold Shaft Mining
40:22 Bodkin Arrow
42:03 Squires
42:17 Scale Mail Armor
42:51 Conscription
43:22 Masonry
44:13 Chemistry
43:25 Masonry
45:45 Hand Cart
48:09 Husbandry
50:23 Light Cavalry
52:32 Chain Mail Armor
51:52 Elite War Wagon
53:28 Heavy Plow
54:29 Two-Man Saw
54:26 Town Patrol
58:49 Capped Ram
[ KOF ] M. Kowalski
4:35 Loom
12:21 Feudal Age
16:49 Castle Age
16:21 Stone Mining
16:29 Fletching
29:40 Bodkin Arrow
33:34 Wheelbarrow
46:43 Town Watch
53:54 Redemption
61:11 Scale Mail Armor
61:22 Forging
Connection lost

Rejoining the realm…

Still unreachable

The connection could not be restored.

Session expired

The server has moved on; the page needs a fresh start.